 Dungeon Crawl Stone Soup version 0.26.0-20-g3ca415f5b8 (webtiles) character file.

Game seed: 15662119642372100821

458 jiml777 the Shield-Bearer (level 6, -2/41 HPs)
             Began as a Demonspawn Air Elementalist on Jan 25, 2021.
             Killed themself with a badly aimed iceblast (5 damage)
             ... in a sewer.
             The game lasted 00:31:21 (4277 turns).

jiml777 the Shield-Bearer (DsAE)                    Turns: 4277, Time: 00:31:21

Health: -2/41      AC:  3    Str:  8    XL:     6   Next: 77%
Magic:  7/10       EV: 13    Int: 20    God:
Gold:   153        SH:  5    Dex: 14    Spells: 5/11 levels left

rFire    . . .     SeeInvis .   f - +0 dagger
rCold    + + .     Faith    .   h - +0 buckler
rNeg     . . .     Spirit   .   a - +0 robe
rPois    .         Reflect  .   (no helmet)
rElec    .         Harm     .   (no cloak)
rCorr    +         Rampage  .   q - +0 pair of gloves
Will     .....                  (no boots)
Stlth    +.........             (no amulet)
HPRegen  0.13/turn              d - ring of protection from cold
MPRegen  0.12/turn              e - ring of resist corrosion

@: very slow
A: talons 1, cold resistance 1, big brain 1
a: no special abilities


You were in a sewer.
You visited 1 branch of the dungeon, and saw 3 of its levels.
You also visited: Sewer.

You collected 153 gold pieces.

Inventory:

Hand Weapons
 f - a +0 dagger (weapon)
 g - a +1 whip of pain
 r - a +0 hand crossbow
Missiles
 c - 61 arrows
 i - 8 atropa-tipped darts
 j - 18 poisoned darts
 m - 94 stones
 p - 38 bolts
Armour
 a - a +0 robe (worn)
 h - a +0 buckler (worn)
 q - a +0 pair of gloves (worn)
Jewellery
 d - a ring of protection from cold (left hand)
 e - a ring of resist corrosion (right hand)
Wands
 o - a wand of iceblast (6)
Scrolls
 l - a scroll of teleportation
 n - 4 scrolls of remove curse
 s - a scroll of blinking {unknown}
Potions
 b - a potion of brilliance


   Skills:
 + Level 0.2 Short Blades
 + Level 2.6 Dodging
 - Level 1.9 Stealth
 + Level 4.7 Shields
 * Level 3.0 Spellcasting
 * Level 1.7 Conjurations
 * Level 3.3 Air Magic
 * Level 0.8 Evocations


You had 5 spell levels left.
You knew the following spells:

 Your Spells              Type           Power        Failure   Level
a - Shock                 Conj/Air       52%          4%          1
b - Swiftness             Air            16%          5%          2
c - Static Discharge      Conj/Air       13%          16%         3

Your spell library contained the following spells:

 Spells                   Type           Power        Failure   Level
 Airstrike                Air            8%           34%         4
 Lightning Bolt           Conj/Air       6%           80%         5


Dungeon Overview and Level Annotations

Branches:
Dungeon (3/15)              Sewer (1/1)

Altars:
Yredelemnul


Innate Abilities, Weirdness & Mutations

You have sharp toenails.
Your flesh is cold resistant. (rC+)
You have an unusually large brain. (Int +2)


Message History

Hit: f) +0 dagger
Press: ? - help, Dir - move target, f - river rat
Aim: a river rat
Okay, then.
Hit: f) +0 dagger
Press: ? - help, Dir - move target, f - river rat
Aim: a river rat
Okay, then.
Unknown command.
Evoke which item? (* to show all) (? for menu, Esc to quit)
Aiming: Iceblast
Press: ? - help, Shift-Dir - straight line, f - river rat
Aim: a river rat That beam is likely to hit you.
Continue anyway?
The mass of ice explodes!
The iceblast engulfs the river rat!
You kill the river rat!
The iceblast engulfs the ball python!
You kill the ball python!
The iceblast engulfs you. You partially resist.
You die...

#...# #.≈.# ##.≈.#
#..≈≈# ####### ≈..≈.#
#####≈≈≈≈.#
≈≈.≈########.≈)≈≈#####
.≈####.≈.≈..≈###≈≈≈≈.#
≈## #≈≈≈≈≈≈≈≈# #######
≈####.≈.≈..≈≈###@≈≈≈.#
..##≈.≈.####≈≈≈≈≈#####
.≈≈.≈≈.## #####.≈≈≈.#
≈..≈≈≈## #######
≈..≈≈≈# .≈≈≈.≈#
≈≈..≈≈# ..≈.≈≈#
..≈≈.≈≈


There were no monsters in sight!

Vanquished Creatures
  4 big kobolds (Sewer)
  4 adders
  5 river rats
  5 oozes (Sewer)
  2 worms
  3 dart slugs (D:1)
  2 leopard geckos
  2 ball pythons (Sewer)
  6 bats
  6 giant cockroaches
  6 goblins
  13 hobgoblins
  6 frilled lizards
  5 kobolds
  13 rats
  A spectral orc (D:2)
83 creatures vanquished.

Notes
Turn   | Place    | Note
-------+----------+-------------------------------------------
     0 | D:1      | jiml777 the Demonspawn Air Elementalist began the quest for
                  | the Orb.
     0 | D:1      | Reached XP level 1. HP: 13/13 MP: 3/3
   248 | D:1      | Gained mutation: You have sharp toenails. [demonic
                  | ancestry]
   248 | D:1      | Reached XP level 2. HP: 19/19 MP: 1/5
   306 | D:1      | Learned a level 2 spell: Swiftness
  1259 | D:1      | Gained mutation: You have an unusually large brain. (Int
                  | +2) [demonic ancestry]
  1259 | D:1      | Reached XP level 3. HP: 24/24 MP: 4/6
  1263 | D:1      | Learned a level 3 spell: Static Discharge
  1740 | D:2      | Found a basalt altar of Yredelemnul.
  1820 | D:2      | Reached skill level 1 in Shields
  2404 | D:2      | Reached XP level 4. HP: 30/30 MP: 2/7
  2884 | D:3      | Reached skill level 2 in Shields
  3075 | D:3      | HP: 1/30 [river rat (3)]
  3097 | D:3      | Found a glowing drain.
  3203 | Sewer    | Entered a sewer
  3446 | Sewer    | Reached skill level 3 in Shields
  3446 | Sewer    | Gained mutation: Your flesh is cold resistant. (rC+)
                  | [demonic ancestry]
  3446 | Sewer    | Reached XP level 5. HP: 16/35 MP: 0/8
  3737 | Sewer    | Reached skill level 4 in Shields
  3850 | Sewer    | Reached XP level 6. HP: 41/41 MP: 1/9
  4277 | Sewer    | Killed themself with a badly aimed iceblast

Illustrated notes

Levels and vault maps discovered:
D:1:      co_arrival_square_in_a_square_in_a_square, layout_basic
D:2:      cheibrodos_greedy_goblins, layout_basic,
          yredelemnul_forgotten_temple_becter
D:3:      layout_loops_corners, gup_sewer_entry_spiral, minmay_misc_feat_alley
Sewer:    sewer_co_tree

Skill      XL: |  1  2  3  4  5  6 |
---------------+-------------------+-----
Dodging        | 2 |  2.6
Air Magic      | 3 |  3.3
Shields        | 1 3 4 |  4.7
Spellcasting   | 3 |  3.0
Short Blades   | |  0.2
Stealth        | |  1.9
Conjurations   | |  1.7
Evocations     | |  0.8

Action                   |  1- 3 |  4- 6 || total
-------------------------+-------+-------++-------
Melee: Unarmed           |     6 |       ||     6
       Dagger            |    15 |    71 ||    86
       Kick              |     3 |    11 ||    14
 Cast: Shock             |    71 |    82 ||   153
  Use: Scroll            |       |     6 ||     6
       Potion            |       |     3 ||     3
 Stab: Sleeping          |       |     1 ||     1
Armor: Robe              |    14 |    16 ||    30
Dodge: Dodged            |    35 |    52 ||    87
Block: Buckler           |       |    19 ||    19
